 Dungeon Crawl Stone Soup version 0.28-a0-1524-ge72afd5fc6 (webtiles) character file.

Game seed: 8423424960694436261

16552 hashsling the Destroyer (level 12, -2/79 HPs)
             Began as a Gargoyle Conjurer on Jan 17, 2022.
             Was an Initiate of Gozag.
             Slain by an orc warrior (8 damage)
             ... on level 1 of the Orcish Mines.
             The game lasted 01:38:52 (17280 turns).

hashsling the Destroyer (Gargoyle Conjurer)        Turns: 17280, Time: 01:38:55

Health: -2/79      AC: 37    Str: 15    XL:     12   Next: 38%
Magic:  22/34      EV:  8    Int: 20    God:    Gozag
Gold:   288        SH:  0    Dex:  8    Spells: 4/17 levels left

rFire   + . .      SeeInvis .   H - +8 flail of Mett {freeze, rF+ MP+9}
rCold   . . .      Faith    .   (no shield)
rNeg    + . .      Spirit   .   i - +18 Lear's hauberk
rPois   ∞          Reflect  .   (helmet currently unavailable)
rElec   +          Harm     .   (no cloak)
rCorr   .          Rampage  .   (gloves currently unavailable)
Will    .....                   (boots currently unavailable)
Stlth   ..........              X - amulet of regeneration
HPRegen 1.03/turn               d - ring of magical power
MPRegen 0.24/turn               L - ring of wizardry

@: gold aura
A: sickness immunity, AC +8, negative energy resistance 1, electricity
resistance, torment resistance 1, petrification resistance
a: Renounce Religion, Potion Petition, Call Merchant, Bribe Branch


You were on level 1 of the Orcish Mines.
You worshipped Gozag.
Gozag was aware of your devotion.
You visited 4 branches of the dungeon, and saw 17 of its levels.

You collected 2234 gold pieces.
You spent 1815 gold pieces at shops.
You paid 131 gold pieces to Gozag.

Inventory:

Hand Weapons
 f - the +2 arbalest of Action {vorpal, Fragile rPois Dex+3}
   (You bought it in a shop on level 7 of the Dungeon)

   Any ammunition fired from it inflicts extra damage upon your enemies.
   Dex:       It affects your dexterity (+3).
   rPois:     It protects you from poison.
   Fragile:   It will be destroyed if unequipped.
 g - a +2 hand crossbow of freezing
 H - the +8 flail of Mett (weapon) {freeze, rF+ MP+9}
   (You bought it in a shop on level 5 of the Dungeon)

   It freezes those it strikes, dealing additional cold damage.
   It can also slow down cold-blooded creatures.
   rF:        It protects you from fire.
   MP:        It affects your magic capacity (+9).
 P - the +8 flail "Giess" {protect, rF+}
   (You found it on level 11 of the Dungeon)

   It grants its wielder temporary protection when it strikes (+7 to AC).
   rF:        It protects you from fire.
Missiles
 r - 23 sling bullets
 s - 6 atropa-tipped darts
 t - 4 throwing nets
 V - 21 bolts
Armour
 i - the +18 Lear's hauberk (worn)
   (You found it on level 3 of the Dungeon)
Jewellery
 d - a ring of magical power (left hand)
 e - a ring of the Octopus King {AC+1 EV+1 Str+1 Int+1 Dex+1 SInv}
   (You bought it in a shop on level 5 of the Dungeon)

   [ring of see invisible]

   AC:        It affects your AC (+1).
   EV:        It affects your evasion (+1).
   Str:       It affects your strength (+1).
   Int:       It affects your intelligence (+1).
   Dex:       It affects your dexterity (+1).
   SInv:      It lets you see invisible.
 K - a +4 ring of evasion
 L - a ring of wizardry (right hand)
 X - an amulet of regeneration (around neck)
Wands
 o - a wand of flame (15)
 u - a wand of iceblast (11)
 x - a wand of acid (14)
 E - a wand of paralysis (2)
 W - a wand of digging (5)
 Y - a wand of mindburst (2)
Scrolls
 b - 3 scrolls of immolation {unknown}
 c - 3 scrolls of holy word
 l - a scroll of torment {unknown}
 y - a scroll of magic mapping {unknown}
 B - a scroll of noise {unknown}
 C - a scroll of fear {unknown}
 D - a scroll of enchant armour {unknown}
 G - a scroll of brand weapon {unknown}
 N - a scroll of enchant weapon {unknown}
 Q - 3 scrolls of fog {unknown}
 R - a scroll of amnesia {unknown}
 S - a scroll of teleportation
Potions
 a - a potion of attraction {unknown}
 h - 7 potions of curing
 j - a potion of berserk rage {unknown}
 q - 3 potions of mutation
 w - a potion of degeneration {unknown}
 z - a potion of brilliance {unknown}
 A - 4 potions of ambrosia {unknown}
 I - a potion of magic {unknown}
 O - a potion of resistance {unknown}
 Z - a potion of invisibility {unknown}


   Skills:
 * Level 10.8 Fighting
 * Level 8.8 Maces & Flails
 * Level 8.1 Armour
 - Level 6.0 Dodging
 - Level 2.1 Stealth
 - Level 3.0 Spellcasting
 - Level 12.0 Conjurations
 - Level 2.0 Translocations
 - Level 2.0 Evocations


You had 4 spell levels left.
You knew the following spells:

 Your Spells              Type           Power      Damage    Failure   Level
a - Magic Dart            Conj           100%       1d8       1%          1
b - Searing Ray           Conj           100%       2d8       1%          2
c - Dazzling Flash        Conj/Hex       54%        N/A       21%         3
d - Iskenderun's Mystic   Conj/Tloc      31%        2d8       38%         4
e - Gell's Gravitas       Tloc           11%        N/A       67%         3

Your spell library contained the following spells:

 Spells                   Type           Power      Damage    Failure   Level
 Fulminant Prism          Conj/Hex       13%        3d9       52%         4
 Summon Small Mammal      Summ           12%        N/A       58%         1
 Lesser Beckoning         Tloc           11%        N/A       67%         3
 Teleport Other           Tloc           11%        N/A       67%         3
 Call Canine Familiar     Summ           3%         N/A       90%         3
 Summon Guardian Golem    Hex/Summ       3%         N/A       90%         3
 Tukima's Dance           Hex            3%         N/A       90%         3
 Passage of Golubria      Tloc           11%        N/A       96%         4
 Freezing Cloud           Conj/Ice/Air   9%         6-21      98%         5
 Yara's Violent Unravell  Hex/Tmut       1%         3d3       100%        5
 Simulacrum               Ice/Necr       1%         N/A       100%        6
 Polar Vortex             Ice            1%         N/A       100%        9


Dungeon Overview and Level Annotations

Branches:
Dungeon (12/15)            Temple (1/1) D:6            Lair (2/6) D:8
    Orc (2/2) D:11
  Swamp: Lair:2-4    Shoals: Lair:2-4     Snake: Lair:2-4    Spider: Lair:2-4
    Elf: Orc:2

Altars:
Ashenzari
Cheibriados
Dithmenos
Elyvilon
Fedhas
Gozag
Hepliaklqana
Kikubaaqudgha
Makhleb
Nemelex Xobeh
Okawaru
Qazlal
Ru
Sif Muna
Trog
Uskayaw
Vehumet
Wu Jian
Xom
Yredelemnul
Zin
The Shining One
Beogh

Shops:
D:5 *==(   D:7 (   Orc:1 (


Innate Abilities, Weirdness & Mutations

You are immune to sickness and miasma.
Your stone body is resilient. (AC +8)
You are immune to poison.
You resist negative energy. (rN+)
You are resistant to electric shocks. (rElec)
You are resistant to unholy torment.
You are immune to petrification.


Message History

The orc warrior is lightly wounded. (Press . to maintain the ray.)
The ettin hits you but does no damage.
The ettin hits you with a +0 dire flail!!
Something hits you but does no damage.
The searing ray hits the ettin.
The ettin is moderately wounded.
The searing ray hits the orc wizard!
You kill the orc wizard!
The ettin hits you with a +0 dire flail!!
The ettin closely misses you.
The searing ray hits the ettin but does no damage.
The ettin is moderately wounded.
The searing ray hits something!
The orc warrior hits you but does no damage.
The ettin hits you with a +0 dire flail.
The ettin hits you but does no damage.
The searing ray hits the ettin.
The ettin is heavily wounded.
The searing ray hits something!
Reactivating autopickup.
You feel a bit more experienced.
You finish channelling your searing ray.
The orc warrior hits you but does no damage.
The ettin hits you but does no damage. x2
Aiming: Mindburst
Press: ? - help, Shift-Dir - straight line, f/p - ettin
Aim: an ettin, wielding two +0 dire flails (heavily wounded, chance to affect: 57%)
The ettin's minds are blasted!
The orc warrior barely misses you. The ettin completely misses you.
The ettin hits you with a +0 dire flail!!
* * * LOW HITPOINT WARNING * * *
Aiming: Mindburst
Press: ? - help, Shift-Dir - straight line, f/p - ettin
Aim: an ettin, wielding two +0 dire flails (severely wounded, chance to affect: 57%)
The ettin's minds are blasted!!
You blow up the ettin!
The orc warrior hits you with a +0 dire flail!
You die...
Your body crumbles into a pile of gold.

.o.####..###.#
.........$ ..
...C........
....o....#.
.....o....
.....$..###
#$...#o##
#..$$$@#
$....$.....{##
..........#.#
.............#
............##
$
...........##
$...........
.....#..#..##


You could see an orc warrior.

Vanquished Creatures
  Gastronok (Lair:1)
  An ettin (Orc:1)
  2 hydras
  Harold (D:10)
  3 two-headed ogres
  Pikel (D:8)
  A manticore (D:11)
  An orc sorcerer (Orc:1)
  2 black mambas (Lair:1)
  4 cane toads
  A komodo dragon (Lair:1)
  2 trolls
  4 polar bears (Lair:1)
  Prince Ribbit (D:5)
  A wyvern (D:8)
  Grum (D:8)
  8 yaks
  A steam dragon (D:8)
  4 vampire mosquitoes (D:10)
  3 wargs
  4 water moccasins
  A sky beast (D:7)
  6 orc warriors
  2 black bears
  An ice beast (D:7)
  4 wolves (D:8)
  2 centaurs (D:9)
  2 kobold brigands
  2 lemures (D:8)
  5 bullfrogs
  A wyvern zombie (D:9)
  8 wights
  6 electric eels
  2 centaur zombies
  4 howler monkeys
  4 jellies
  3 hounds (D:6)
  2 gnoll shamans
  10 orc priests
  7 iguanas
  Natasha (thrice) (D:2)
  17 orc wizards
  A hound zombie (D:4)
  2 hound skeletons
  4 howler monkey zombies
  A howler monkey skeleton (D:5)
  20 gnolls
  10 adders
  3 white imps
  2 ufetubi
  An adder skeleton (D:5)
  3 worms (D:2)
  4 dart slugs
  39 orcs
  7 endoplasms
  2 giant cockroaches
  3 goblins
  5 hobgoblins
  15 kobolds
  6 quokkas
  4 ball pythons
  4 bats
  3 frilled lizards (D:2)
  5 rats
283 creatures vanquished.

Vanquished Creatures (others)
  6 plants
6 creatures vanquished.

Grand Total: 289 creatures vanquished

Notes
Turn   | Place    | Note
-------+----------+-------------------------------------------
     0 | D:1      | hashsling the Gargoyle Conjurer began the quest for the
                  | Orb.
     0 | D:1      | Reached XP level 1. HP: 10/10 MP: 3/3
   276 | D:1      | Reached XP level 2. HP: 15/15 MP: 0/5
   635 | D:1      | Found a faded altar of an unknown god.
   858 | D:1      | Learned a level 2 spell: Searing Ray
  1113 | D:2      | Noticed Natasha
  1124 | D:2      | Killed Natasha
  1125 | D:2      | Reached skill level 5 in Conjurations
  1125 | D:2      | Reached XP level 3. HP: 10/20 MP: 0/6
  1129 | D:2      | Learned a level 3 spell: Dazzling Flash
  1299 | D:2      | Reached skill level 1 in Fighting
  1363 | D:2      | Reached skill level 1 in Armour
  1574 | D:2      | Reached XP level 4. HP: 25/25 MP: 5/7
  1598 | D:2      | Noticed Natasha
  1602 | D:2      | Killed Natasha
  2570 | D:2      | Noticed Natasha
  2582 | D:2      | Killed Natasha
  2583 | D:2      | Reached XP level 5. HP: 17/31 MP: 0/8
  3383 | D:3      | Found the +18 Lear's hauberk
  3550 | D:3      | Reached XP level 6. HP: 20/37 MP: 4/9
  4154 | D:4      | Reached skill level 6 in Conjurations
  4583 | D:4      | Reached skill level 1 in Maces & Flails
  4644 | D:4      | Reached XP level 7. HP: 25/43 MP: 10/10
  4849 | D:4      | Found a sparkling altar of Nemelex Xobeh.
  4901 | D:4      | Learned a level 4 spell: Iskenderun's Mystic Blast
  4938 | D:5      | Entered Level 5 of the Dungeon
  4967 | D:5      | Noticed a troll
  4979 | D:5      | Killed a troll
  4980 | D:5      | Reached skill level 7 in Conjurations
  5419 | D:5      | Found Busyezuh's General Store.
  5451 | D:5      | Reached XP level 8. HP: 48/48 MP: 12/12
  5527 | D:5      | Noticed Prince Ribbit
  5563 | D:5      | Killed Prince Ribbit
  5564 | D:5      | Reached skill level 5 in Fighting
  5831 | D:5      | Found Haunis's Jewellery Shoppe.
  6247 | D:5      | Found Demegg's Jewellery Boutique.
  6306 | D:5      | Found Widgheffe's Weapon Shoppe.
  6369 | D:5      | Reached skill level 8 in Conjurations
  7062 | D:6      | Found a staircase to the Ecumenical Temple.
  7101 | Temple   | Entered the Ecumenical Temple
  7670 | Temple   | Became a worshipper of Gozag Ym Sagoz the Greedy
  7875 | D:6      | Reached skill level 1 in Translocations
  7875 | D:6      | Reached XP level 9. HP: 52/55 MP: 13/13
  8620 | D:7      | Reached skill level 9 in Conjurations
  8746 | D:7      | Found Uvapi's Antique Weapon Emporium.
  9204 | D:8      | Learned a level 3 spell: Gell's Gravitas
  9217 | D:8      | Noticed Grum
  9224 | D:8      | Killed Grum
  9304 | D:8      | Reached skill level 5 in Maces & Flails
  9563 | D:8      | Found a staircase to the Lair.
  9594 | D:8      | Reached XP level 10. HP: 61/61 MP: 8/14
  9617 | D:8      | Reached skill level 10 in Conjurations
  9975 | D:8      | Noticed Pikel
  9991 | D:8      | Killed Pikel
 10855 | D:9      | Noticed a gargoyle
 10857 | D:9      | Noticed a gargoyle
 11066 | D:9      | Reached skill level 5 in Dodging
 11137 | D:9      | Noticed a two-headed ogre
 11160 | D:9      | Noticed a two-headed ogre
 11173 | D:9      | Killed a two-headed ogre
 11508 | D:9      | Noticed a deep elf pyromancer
 11513 | D:9      | HP: 1/63 [burnt (5)]
 11526 | D:9      | Killed a two-headed ogre
 11527 | D:9      | Reached skill level 1 in Evocations
 11754 | D:10     | Entered Level 10 of the Dungeon
 11900 | D:10     | Reached skill level 11 in Conjurations
 12238 | D:5      | Bought the +8 flail of Mett {freeze, rF+ MP+9} for 871 gold
                  | pieces
 12420 | D:10     | Noticed a two-headed ogre
 12830 | D:10     | Reached XP level 11. HP: 68/68 MP: 15/15
 12940 | D:10     | Noticed Harold
 12961 | D:10     | Killed Harold
 12970 | D:10     | Killed a two-headed ogre
 13752 | D:11     | Noticed an eight-headed hydra
 13760 | D:11     | Killed an eight-headed hydra
 13977 | D:11     | Found a staircase to the Orcish Mines.
 14021 | D:11     | Reached skill level 5 in Armour
 14133 | D:11     | Noticed a manticore
 14147 | D:11     | Killed a manticore
 14411 | D:11     | Noticed a cyan ugly thing
 14411 | D:11     | Noticed an ogre mage
 14411 | D:11     | Noticed a cyclops
 14482 | D:11     | Identified the +8 flail "Giess" {protect, rF+}
 14833 | D:12     | Noticed a brown ugly thing
 14920 | Lair:1   | Entered Level 1 of the Lair of Beasts
 15229 | Lair:1   | Noticed Gastronok
 15247 | Lair:1   | Killed Gastronok
 15248 | Lair:1   | Reached skill level 12 in Conjurations
 15248 | Lair:1   | Noticed an eight-headed hydra
 15257 | Lair:1   | HP: 2/72 [eight-headed hydra (5)]
 15260 | Lair:1   | Killed an eight-headed hydra
 15261 | Lair:1   | Reached skill level 10 in Fighting
 15261 | Lair:1   | Reached XP level 12. HP: 21/77 MP: 16/16
 16641 | Orc:1    | Entered Level 1 of the Orcish Mines
 16867 | Orc:1    | Found Adghed's Antique Weapon Emporium.
 17076 | D:5      | Bought a ring of the Octopus King {AC+1 EV+1 Str+1 Int+1
                  | Dex+1 SInv} for 477 gold pieces
 17076 | D:5      | Found the ring of the Octopus King {AC+1 EV+1 Str+1 Int+1
                  | Dex+1 SInv}
 17139 | D:7      | Bought a shimmering arbalest for 285 gold pieces
 17139 | D:7      | Identified the +2 arbalest of Action {vorpal, Fragile rPois
                  | Dex+3} (You bought it in a shop on level 7 of the Dungeon)
 17234 | Orc:1    | Bought a glowing hand crossbow for 182 gold pieces
 17252 | Orc:2    | Entered Level 2 of the Orcish Mines
 17260 | Orc:1    | Noticed an ettin
 17280 | Orc:1    | Killed an ettin
 17280 | Orc:1    | Slain by an orc warrior

Illustrated notes

Levels and vault maps discovered:
D:1:      saegor_arrival_simple_e, layout_basic, basic_ecumenical_altar,
          minmay_misc_feat_tower, minmay_misc_feat_diagonals
D:2:      kennysheep_big_flooded_room, layout_basic, uniq_natasha
D:3:      layout_rooms
D:4:      layout_rooms, nemelex_altar_shiori, kennysheep_orc_chapel
D:5:      layout_basic, serial_shops, nicolae_stop_n_shop_2,
          nicolae_shop_advertising_works [nicolae_subvault_shop_adworks],
          shop_statue, nicolae_shop_bloodbath_and_beyond,
          minmay_chambers_of_fives, uniq_prince_ribbit1
D:6:      layout_gridville, temple_statues
D:7:      layout_rooms, serial_shops, shop
D:8:      layout_loops_ring, lair_entry_dummy, water_boxes_lemuel, uniq_grum,
          uniq_pikel
D:9:      layout_roguey, dilly_guarded_unrand_elemental_staff
D:10:     layout_basic, uniq_harold
D:11:     layout_roguey, david_orc_3, lightli_corner_chamber
D:12:     layout_basic, ebering_ghost_gozag, drop_trap, uniq_fannar,
          uniq_frances
Temple:   mainiacjoe_temple_starburst
Lair:1:   layout_loops_ring, minmay_holes, minivault_23,
          grunt_forest_stairs_basic, cheibrodos_lair_lostbears, uniq_gastronok
Lair:2:   layout_roguey, minmay_snake_entry_guardpost_small, basic_altar,
          uniq_maggie
Orc:1:    layout_caves, serial_shops, nicolae_square_shop
Orc:2:    pubby_orc_utopia

Skill      XL: |  1  2  3  4  5  6  7  8  9 10 11 12 |
---------------+-------------------------------------+-----
Dodging        | 2 3 4 5 6 |  6.0
Conjurations   | 5 6 7 8 9 11 12 | 12.0
Fighting       | 1 2 3 4 5 6 7 10 | 10.8
Armour         | 1 2 3 6 8 |  8.1
Maces & Flails | 1 2 3 5 7 8 |  8.8
Spellcasting   | 3 |  3.0
Translocations | 1 2 |  2.0
Evocations     | 2 |  2.0
Stealth        | |  2.1

Action                   |  1- 3 |  4- 6 |  7- 9 | 10-12 || total
-------------------------+-------+-------+-------+-------++-------
Melee: Club              |     9 |       |       |       ||     9
       Unarmed           |     2 |       |       |       ||     2
       Spear             |       |    18 |       |       ||    18
       Flail             |       |     5 |     5 |   136 ||   146
       Morningstar       |       |       |    34 |    46 ||    80
       Punch             |       |       |       |     6 ||     6
 Cast: Magic Dart        |    52 |   157 |   224 |   146 ||   579
       Searing Ray       |       |     6 |    31 |    61 ||    98
Evoke: Wand              |       |       |     2 |    16 ||    18
  Use: Scroll            |       |       |     4 |     5 ||     9
       Potion            |       |       |       |     5 ||     5
 Stab: Sleeping          |       |       |       |     1 ||     1
Armor: Robe              |     3 |       |       |       ||     3
       Leather armour    |     1 |    25 |    62 |    57 ||   145
       Chain mail        |       |       |       |   248 ||   248
Dodge: Dodged            |     7 |    33 |    80 |   192 ||   312

Table legend: (Time is in decaauts)
 A = Elapsed time spent in this place.
 B = Non-inter-level travel time spent in this place.
 C = Inter-level travel time spent in this place.
 D = Time resting spent in this place.
 E = Time spent auto-exploring this place.
 F = Levels seen in this place.
 G = Mean time per level.
                   A        B        C        D        E       F      G
               +--------+--------+--------+--------+--------+-----+--------+
         Total |  17334 |  15929 |   1405 |   1031 |  11755 |  17 | 1019.6 |
       Dungeon |  15021 |  13845 |   1176 |    804 |  10324 |  12 | 1251.8 |
        Temple |    623 |    523 |    100 |      0 |    512 |   1 |  623.0 |
          Lair |   1405 |   1346 |     59 |    227 |    857 |   2 |  702.5 |
  Orcish Mines |    283 |    213 |     70 |      0 |     62 |   2 |  141.5 |
               +--------+--------+--------+--------+--------+-----+--------+

Top non-repeatable levels by time:
     D:8: 1836 daAuts
     D:2: 1810 daAuts
     D:5: 1735 daAuts
    D:10: 1539 daAuts
     D:4: 1451 daAuts
     D:9: 1366 daAuts
  Lair:1: 1321 daAuts
    D:11: 1299 daAuts
     D:1: 1102 daAuts
     D:7: 1043 daAuts
     D:6: 999 daAuts
     D:3: 833 daAuts
  Temple: 623 daAuts
   Orc:1: 280 daAuts
  Lair:2: 84 daAuts
